NWL (28 & UNDER)
BISMARK BORDER GUARDS @ BISMARCK BARONS
08/30/2024
 
TOP OF THE 1ST
Bismark Border Guards batting - Pitching for Bismarck Barons : RHP Sébastien Benoit
Pitching: RHP Sébastien Benoit
Batting: RHB Aaron Holt 0-0: DOUBLE (Popup, 3D)
Batting: LHB Jim Jensen 0-0: Ball
1-0: Ball
2-0: Ball
3-0: Base on Balls
Batting: SHB Glenn Vadnais 0-0: Called Strike
0-1: Fly out, F8 (Flyball, 8RM)
Batting: RHB Mike Wright 0-0: Called Strike
0-1: Ball
1-1: Fielders Choice at 2nd, 1-4 (Groundball, 13S)
Aaron Holt to third
Batting: RHB José Cintrón 0-0: Ball
1-0: Ball
2-0: SINGLE (Line Drive, 78S)
Aaron Holt scores
Mike Wright to second
Batting: RHB Alejandro Ramos 0-0: Ball
1-0: Foul Ball, location: 2F
1-1: Fly out, F9 (Flyball, 89M)
Top of the 1st over - 1 run(s), 2 hit(s), 0 error(s), 2 left on base; Bismark 1 - Bismarck 0
BOTTOM OF THE 1ST
Bismarck Barons batting - Pitching for Bismark Border Guards : RHP Edward Hastings
Pitching: RHP Edward Hastings
Batting: RHB Tony Quinn 0-0: Foul Ball, location: 2F
0-1: Ball
1-1: Ball
2-1: Swinging Strike
2-2: Ball
3-2: Foul Ball, location: 2F
3-2: Foul Ball, location: 2F
3-2: Ground out 6-3 (Groundball, 6M)
Batting: RHB Seiji Kouno 0-0: Ground out 6-3 (Groundball, 6M)
Batting: RHB Dave Parker 0-0: Fly out, F9 (Flyball, 9LM)
Bottom of the 1st over - 0 run(s), 0 hit(s), 0 error(s), 0 left on base; Bismark 1 - Bismarck 0
TOP OF THE 2ND
Bismark Border Guards batting - Pitching for Bismarck Barons : RHP Sébastien Benoit
Batting: RHB Salvador Borbón 0-0: Called Strike
0-1: Ball
1-1: Ball
2-1: Foul Ball, location: 2F
2-2: Strikes out looking
Batting: RHB Chris Parker 0-0: Ball
1-0: Ball
2-0: Foul Ball, location: 2F
2-1: Ball
3-1: Base on Balls
Batting: LHB Norbert Mosley 0-0: Ball
1-0: Ball
2-0: Ball
3-0: Called Strike
3-1: Base on Balls
Chris Parker to second
Batting: RHB Aaron Holt 0-0: Ball
1-0: Swinging Strike
1-1: Ball
2-1: Called Strike
2-2: Ball
3-2: Foul Ball, location: 2F
3-2: Strikes out swinging
Batting: LHB Jim Jensen 0-0: Foul Ball, location: 2F
0-1: Swinging Strike
0-2: Strikes out swinging
Top of the 2nd over - 0 run(s), 0 hit(s), 0 error(s), 2 left on base; Bismark 1 - Bismarck 0
BOTTOM OF THE 2ND
Bismarck Barons batting - Pitching for Bismark Border Guards : RHP Edward Hastings
Batting: RHB Lúcio Flores 0-0: Ball
1-0: Called Strike
1-1: Ball
2-1: Ball
3-1: Foul Ball, location: 2F
3-2: Foul Ball, location: 2F
3-2: Fly out, F8 (Flyball, 8LM)
Batting: LHB Howard Lambert 0-0: Foul Ball, location: 2F
0-1: Ball
1-1: Ball
2-1: Foul Ball, location: 2F
2-2: Foul Ball, location: 2F
2-2: Fly out, F6 (Popup, 6M)
Batting: RHB Enrique Gasporra 0-0: Ball
1-0: Ground out 4-3 (Groundball, 4MS)
Bottom of the 2nd over - 0 run(s), 0 hit(s), 0 error(s), 0 left on base; Bismark 1 - Bismarck 0
TOP OF THE 3RD
Bismark Border Guards batting - Pitching for Bismarck Barons : RHP Sébastien Benoit
Batting: SHB Glenn Vadnais 0-0: Foul Ball, location: 2F
0-1: Ball
1-1: Foul Ball, location: 2F
1-2: Ball
2-2: Ball
3-2: Base on Balls
Batting: RHB Mike Wright 0-0: Ball
1-0: Foul Ball, location: 2F
1-1: Grounds into double play, 5-4-3 (Groundball, 56)
Batting: RHB José Cintrón 0-0: SOLO HOME RUN (Flyball, 7LD), Distance : 329 ft
Batting: RHB Alejandro Ramos 0-0: Ball
1-0: Ball
2-0: Ball
3-0: Called Strike
3-1: Swinging Strike
3-2: Foul Ball, location: 2F
3-2: Strikes out swinging
Top of the 3rd over - 1 run(s), 1 hit(s), 0 error(s), 0 left on base; Bismark 2 - Bismarck 0
BOTTOM OF THE 3RD
Bismarck Barons batting - Pitching for Bismark Border Guards : RHP Edward Hastings
Batting: RHB Benito Minardi 0-0: Ball
1-0: Foul Ball, location: 2F
1-1: Swinging Strike
1-2: Ball
2-2: Foul Ball, location: 2F
2-2: Ball
3-2: Ground out 1-3 (Groundball, 13)
Batting: RHB Norm Francis 0-0: Ball
1-0: Ball
2-0: Ball
3-0: Base on Balls
Batting: RHB Paul Ladd 0-0: Ball
1-0: Foul Ball, location: 2F
1-1: Ball
2-1: Foul Ball, location: 2F
2-2: Ground out 2-3 (Groundball, 25)
Norm Francis to second
Batting: RHB Tony Quinn 0-0: Ball
1-0: Called Strike
1-1: Called Strike
1-2: Strikes out looking
Bottom of the 3rd over - 0 run(s), 0 hit(s), 0 error(s), 1 left on base; Bismark 2 - Bismarck 0
TOP OF THE 4TH
Bismark Border Guards batting - Pitching for Bismarck Barons : RHP Sébastien Benoit
Batting: RHB Salvador Borbón 0-0: Swinging Strike
0-1: Foul Ball, location: 2F
0-2: Strikes out looking
Batting: RHB Chris Parker 0-0: Called Strike
0-1: Ball
1-1: Foul Ball, location: 2F
1-2: Ball
2-2: Strikes out swinging
Batting: LHB Norbert Mosley 0-0: Ball
1-0: Foul Ball, location: 2F
1-1: Swinging Strike
1-2: Strikes out swinging
Top of the 4th over - 0 run(s), 0 hit(s), 0 error(s), 0 left on base; Bismark 2 - Bismarck 0
BOTTOM OF THE 4TH
Bismarck Barons batting - Pitching for Bismark Border Guards : RHP Edward Hastings
Batting: RHB Seiji Kouno 0-0: Ball
1-0: Foul Ball, location: 2F
1-1: Ball
2-1: Called Strike
2-2: Ground out 6-3 (Groundball, 6)
Batting: RHB Dave Parker 0-0: Called Strike
0-1: Ball
1-1: Ball
2-1: Swinging Strike
2-2: Strikes out looking
Batting: RHB Lúcio Flores 0-0: Called Strike
0-1: Called Strike
0-2: Foul Ball, location: 2F
0-2: Ball
1-2: Foul Ball, location: 2F
1-2: Ground out 6-3 (Groundball, 6)
Bottom of the 4th over - 0 run(s), 0 hit(s), 0 error(s), 0 left on base; Bismark 2 - Bismarck 0
TOP OF THE 5TH
Bismark Border Guards batting - Pitching for Bismarck Barons : RHP Sébastien Benoit
Batting: RHB Aaron Holt 0-0: Foul Ball, location: 2F
0-1: Called Strike
0-2: Ball
1-2: Ball
2-2: Strikes out swinging
Batting: LHB Jim Jensen 0-0: Ball
1-0: Called Strike
1-1: Fly out, F7 (Flyball, 78D)
Batting: SHB Glenn Vadnais 0-0: Called Strike
0-1: Swinging Strike
0-2: Foul Ball, location: 2F
0-2: Ball
1-2: Fly out, F7 (Flyball, 7S)
Top of the 5th over - 0 run(s), 0 hit(s), 0 error(s), 0 left on base; Bismark 2 - Bismarck 0
BOTTOM OF THE 5TH
Bismarck Barons batting - Pitching for Bismark Border Guards : RHP Edward Hastings
Batting: LHB Howard Lambert 0-0: Called Strike
0-1: SINGLE (Groundball, 4MD)
Batting: RHB Enrique Gasporra 0-0: Ball
Howard Lambert is caught stealing 2nd base
1-0: Ball
2-0: Fly out, F9 (Line Drive, 9S)
Batting: RHB Benito Minardi 0-0: Called Strike
0-1: Foul Ball, location: 2F
0-2: Fly out, F5 (Popup, 5F)
Bottom of the 5th over - 0 run(s), 1 hit(s), 0 error(s), 0 left on base; Bismark 2 - Bismarck 0
TOP OF THE 6TH
Bismark Border Guards batting - Pitching for Bismarck Barons : RHP Sébastien Benoit
Pitching: RHP Mike Hodges
Batting: RHB Mike Wright 0-0: Called Strike
0-1: Ball
1-1: Called Strike
1-2: Strikes out swinging
Batting: RHB José Cintrón 0-0: Ball
1-0: Called Strike
1-1: Swinging Strike
1-2: Ball
2-2: Ball
3-2: Strikes out swinging
Batting: RHB Alejandro Ramos 0-0: Called Strike
0-1: Ground out 4-3 (Groundball, 4M)
Top of the 6th over - 0 run(s), 0 hit(s), 0 error(s), 0 left on base; Bismark 2 - Bismarck 0
BOTTOM OF THE 6TH
Bismarck Barons batting - Pitching for Bismark Border Guards : RHP Edward Hastings
Batting: RHB Norm Francis 0-0: Called Strike
0-1: SINGLE (Line Drive, 6MD)
Batting: RHB Paul Ladd 0-0: Called Strike
0-1: Foul Ball, location: 2F
0-2: Ball
1-2: Foul Ball, location: 2F
1-2: DOUBLE (Line Drive, 7LM)
Norm Francis to third
Runner from 3rd tries for Home, SAFE, no throw or cutoff
Batting: RHB Tony Quinn 0-0: Called Strike
0-1: Ball
Wild Pitch!
Paul Ladd to third
1-1: SINGLE (Line Drive, 6D)
Paul Ladd scores
Batting: RHB Seiji Kouno 0-0: Ball
1-0: Ball
2-0: Grounds into double play, 6-4-3 (Groundball, 6M)
Batting: RHB Dave Parker 0-0: Ball
1-0: Fly out, F9 (Flyball, 9D)
Bottom of the 6th over - 2 run(s), 3 hit(s), 0 error(s), 0 left on base; Bismark 2 - Bismarck 2
TOP OF THE 7TH
Bismark Border Guards batting - Pitching for Bismarck Barons : RHP Mike Hodges
Batting: RHB Salvador Borbón 0-0: Fly out, F9 (Flyball, 9D)
Pinch Hitting: LHB Nelson Peńa 0-0: Ball
1-0: SINGLE (Groundball, 56D)
Pinch Hitting: LHB Rusty Herbert 0-0: Ball
1-0: Ball
2-0: Called Strike
2-1: Swinging Strike
2-2: Foul Ball, location: 2F
2-2: Ball
3-2: Foul Ball, location: 2F
3-2: SINGLE (Groundball, 4MD)
Nelson Peńa to second
Runner from 2nd tries for 3rd, SAFE, throw made to third
Pinch Hitting: LHB Juan Viera 0-0: Ball
1-0: Swinging Strike
1-1: Ball
Rusty Herbert steals 2nd base
2-1: Fly out, F4 (Line Drive, 34)
Batting: LHB Jim Jensen 0-0: Swinging Strike
0-1: Ball
1-1: Swinging Strike
1-2: Foul Ball, location: 2F
1-2: Reached on Error, E8 (Flyball, 8LM)
Nelson Peńa scores
Rusty Herbert scores
Batting: SHB Glenn Vadnais 0-0: Called Strike
0-1: Ball
1-1: Ball
2-1: Ball
3-1: Called Strike
3-2: Base on Balls
Pitching: LHP Tim Miller
Batting: RHB Mike Wright 0-0: Called Strike
0-1: Ball
1-1: SINGLE (Line Drive, 6MD)
Jim Jensen to third
Glenn Vadnais to second
Runner from 3rd tries for Home, SAFE, no throw or cutoff
Batting: RHB José Cintrón 0-0: Ball
1-0: Called Strike
1-1: Ground out 5-3 (Groundball, 5)
Top of the 7th over - 3 run(s), 3 hit(s), 1 error(s), 2 left on base; Bismark 5 - Bismarck 2
BOTTOM OF THE 7TH
Bismarck Barons batting - Pitching for Bismark Border Guards : RHP Edward Hastings
Pitching: RHP Beau Murphy
Now at 2B: Rusty Herbert
Now in CF: Juan Viera
Batting: RHB Lúcio Flores 0-0: Ball
Now at 3B: Danny Spode 1-0: Foul Ball, location: 2F
1-1: Swinging Strike
1-2: Ground out 4-3 (Groundball, 34)
Batting: LHB Howard Lambert 0-0: Called Strike
0-1: Swinging Strike
0-2: Foul Ball, location: 2F
0-2: SINGLE (Flyball, 7S)
Batting: RHB Enrique Gasporra 0-0: Ball
1-0: Foul Ball, location: 2F
1-1: DOUBLE (Flyball, 78M)
Howard Lambert to third
Batting: RHB Benito Minardi 0-0: Ball
1-0: Ball
2-0: DOUBLE (Line Drive, 8LD)
Howard Lambert scores
Enrique Gasporra scores
Pinch Hitting: LHB Michael Cook 0-0: Called Strike
0-1: Ball
1-1: Ball
2-1: Foul Ball, location: 2F
2-2: Hit by Pitch
Batting: RHB Paul Ladd 0-0: Ball
1-0: Foul Ball, location: 2F
1-1: Ball
2-1: Fly out, F9 (Flyball, 89S)
Batting: RHB Tony Quinn 0-0: Ball
1-0: Ball
2-0: Ball
3-0: Called Strike
3-1: Fly out, F4 (Popup, 6MD)
Bottom of the 7th over - 2 run(s), 3 hit(s), 0 error(s), 2 left on base; Bismark 5 - Bismarck 4
TOP OF THE 8TH
Bismark Border Guards batting - Pitching for Bismarck Barons : LHP Tim Miller
Now at 2B: David Canseco
Batting: RHB Alejandro Ramos 0-0: Called Strike
0-1: Called Strike
0-2: Foul Ball, location: 2F
0-2: Strikes out swinging
Batting: RHB Salvador Borbón 0-0: Ground out 4-3 (Groundball, 4M)
Batting: RHB Danny Spode 0-0: Ball
1-0: Called Strike
1-1: Swinging Strike
1-2: Ball
2-2: Strikes out swinging
Top of the 8th over - 0 run(s), 0 hit(s), 0 error(s), 0 left on base; Bismark 5 - Bismarck 4
BOTTOM OF THE 8TH
Bismarck Barons batting - Pitching for Bismark Border Guards : RHP Beau Murphy
Pitching: RHP Esteban Corona
Batting: RHB Seiji Kouno 0-0: Ball
1-0: Ball
2-0: Ball
3-0: Called Strike
3-1: Base on Balls
Pitching: RHP Nathan Walters
Batting: RHB Dave Parker 0-0: Ball
1-0: Ball
2-0: Ball
3-0: Called Strike
3-1: Base on Balls
Seiji Kouno to second
Pitching: RHP César Rodríguez
Batting: RHB Lúcio Flores 0-0: Called Strike
0-1: Ball
1-1: Foul Ball, location: 2F
1-2: Strikes out swinging
Batting: LHB Howard Lambert 0-0: Ball
1-0: Ball
2-0: Foul Ball, location: 2F
2-1: Ball
3-1: Called Strike
3-2: SINGLE (Line Drive, 56)
Seiji Kouno to third
Dave Parker to second
Pinch Hitting: RHB Ronald Parsons 0-0: Ball
1-0: Foul Ball, location: 2F
1-1: Foul Ball, location: 2F
1-2: GRAND SLAM HOME RUN (Flyball, 7LD), Distance : 316 ft
Batting: RHB Benito Minardi 0-0: Ball
1-0: Ball
2-0: Foul Ball, location: 2F
2-1: Ground out 6-3 (Groundball, 6)
Batting: RHB David Canseco 0-0: Ball
1-0: Ball
2-0: Ground out 6-3 (Groundball, 6)
Bottom of the 8th over - 4 run(s), 2 hit(s), 0 error(s), 0 left on base; Bismark 5 - Bismarck 8
TOP OF THE 9TH
Bismark Border Guards batting - Pitching for Bismarck Barons : LHP Tim Miller
Pitching: RHP Ignacio Beltrán
Now at 1B: Nobuharu Hoshino
Batting: LHB Rusty Herbert 0-0: Ball
1-0: Ball
2-0: Ball
3-0: Base on Balls
Batting: LHB Juan Viera 0-0: Ball
1-0: Ball
2-0: Called Strike
2-1: Foul Ball, location: 2F
2-2: Foul Ball, location: 2F
2-2: Hit by Pitch
Rusty Herbert to second
Batting: LHB Jim Jensen 0-0: Ball
1-0: Ball
2-0: Ball
3-0: Base on Balls
Rusty Herbert to third
Juan Viera to second
Batting: SHB Glenn Vadnais 0-0: Foul Ball, location: 2F
0-1: Ball
1-1: Ball
2-1: Ball
3-1: Called Strike
3-2: Strikes out swinging
Batting: RHB Mike Wright 0-0: Foul Ball, location: 2F
0-1: Ball
1-1: Ball
2-1: Ball
3-1: Foul Ball, location: 2F
3-2: Strikes out swinging
Batting: RHB José Cintrón 0-0: Ground out 6-3 (Groundball, 6)
Top of the 9th over - 0 run(s), 0 hit(s), 0 error(s), 3 left on base; Bismark 5 - Bismarck 8
This league is powered by Out of the Park Baseball, the baseball management simulation game for PC, Mac and Linux
Saturday, April 9th, 2016 - OOTP Baseball 16.8 Build 38